 Dungeon Crawl Stone Soup version 0.23.2-30-g0e89c35649 (webtiles) character file.

Game seed: 17375601747114782266

4627 Iberia the Cleaver (level 10, -2/133 HPs)
             Began as a Hill Orc Berserker on June 9, 2019.
             Was an Elder of Trog.
             Slain by a troll (8 damage)
             ... on level 9 of the Dungeon on June 10, 2019.
             The game lasted 01:20:14 (10171 turns).

Iberia the Cleaver (Hill Orc Berserker)            Turns: 10171, Time: 01:20:15

Health: -2/133     AC: 11    Str: 32    XL:     10   Next: 42%
Magic:  10/10      EV:  9    Int:  7    God:    Trog [****..]
Gold:   321        SH: 17    Dex:  7    Spells: 9/9 levels left

rFire    . . .     SeeInvis .   f - +0 war axe
rCold    . . .     Gourm    .   H - +1 large shield
rNeg     + . .     Faith    .   M - +2 scale mail of Ashenzari's Approval {rN+ Str+3 Dex-3}
rPois    +         Spirit   .   (no helmet)
rElec    .         Reflect  .   (no cloak)
rCorr    .         Harm     .   t - +0 pair of gloves
MR       .....                  (no boots)
Stlth    ..........             n - amulet of the acrobat
HPRegen  0.32/turn              u - ring of poison resistance
MPRegen  0.12/turn              R - +2 ring of evasion

@: berserking, very quick
A: no striking features
a: Berserk, Trog's Hand, Brothers in Arms, Renounce Religion


You were on level 9 of the Dungeon.
You worshipped Trog.
Trog was greatly pleased with you.
You were hungry.

You visited 2 branches of the dungeon, and saw 10 of its levels.

You collected 582 gold pieces.
You spent 261 gold pieces at shops.

Inventory:

Hand Weapons
 a - a +0 hand axe
 f - a +0 war axe (weapon)
 D - a +2 quarterstaff of draining
Missiles
 P - 5 steel javelins (quivered)
Armour
 o - a +2 scale mail
 s - a +0 buckler
 t - a +0 pair of gloves (worn)
 H - a +1 large shield (worn)
 M - the +2 scale mail of Ashenzari's Approval (worn) {rN+ Str+3 Dex-3}
   (You bought it in a shop on level 7 of the Dungeon)

   It affects your strength (+3).
   It affects your dexterity (-3).
   It protects you from negative energy.
Magical Staves
 g - an uncursed staff of poison {unknown}
 x - an uncursed staff of summoning {unknown}
Jewellery
 n - an amulet of the acrobat (around neck)
 u - a ring of poison resistance (left hand)
 v - an uncursed amulet of faith
 K - an uncursed ring of protection from cold {unknown}
 R - a +2 ring of evasion (right hand)
Wands
 i - a wand of flame (12)
 y - a wand of iceblast (7)
 C - a wand of paralysis (2)
 L - a wand of random effects (26)
Scrolls
 e - 6 scrolls of fog
 h - 3 scrolls of amnesia
 j - 3 scrolls of immolation
 k - a scroll of random uselessness {unknown}
 l - 2 scrolls of magic mapping {unknown}
 r - 5 scrolls of remove curse
 A - a scroll of enchant weapon {unknown}
 F - a scroll of teleportation {unknown}
 G - a scroll of identify
 J - a scroll of fear {unknown}
 N - a scroll of noise {unknown}
 O - 2 scrolls of enchant armour
Potions
 b - a potion of berserk rage
 d - a potion of flight {unknown}
 m - a potion of mutation {unknown}
 p - a potion of curing {unknown}
 q - 4 potions of lignification
 w - 3 potions of cancellation
 z - 3 potions of brilliance
 B - a potion of heal wounds
 E - 4 potions of haste
 I - a potion of resistance {unknown}
Comestibles
 c - 15 rations
 Q - 2 chunks of flesh


   Skills:
 + Level 8.3 Fighting
 + Level 13.2 Axes
 + Level 7.7 Armour
 + Level 3.5 Dodging
 + Level 1.6 Stealth
 * Level 4.1 Shields
 + Level 0.8 Evocations


You had 9 spell levels left.
You didn't know any spells.
Your spell library contained the following spells:

 Spells                   Type           Power        Failure   Level  Hunger
 Beastly Appendage        Tmut           #.....       100%        1    ##.....
 Corona                   Hex            #......      100%        1    ##.....
 Summon Small Mammal      Summ           #...         100%        1    ##.....
 Call Imp                 Summ           #.......     100%        2    ###....
 Ensorcelled Hibernation  Hex/Ice        #.....       100%        2    ###....
 Sticks to Snakes         Tmut           #.......     100%        2    ###....
 Call Canine Familiar     Summ           #.......     100%        3    ####...
 Confuse                  Hex            #.......     100%        3    ####...
 Dazzling Spray           Conj/Hex       #.....       100%        3    ####...
 Spider Form              Tmut/Pois      #.........   100%        3    ####...
 Summon Guardian Golem    Hex/Summ       #.......     100%        3    ####...
 Tukima's Dance           Hex            #.......     100%        3    ####...
 Ice Form                 Ice/Tmut       #.......     100%        4    #####..
 Summon Ice Beast         Ice/Summ       #.......     100%        4    #####..
 Summon Lightning Spire   Summ/Air       #.......     100%        4    #####..
 Blade Hands              Tmut           #.........   100%        5    ######.


Dungeon Overview and Level Annotations

Branches:
Dungeon (9/15)             Temple (1/1) D:6
   Lair: D:8-11         Orc: D:9-12

Altars:
Ashenzari
Cheibriados
Dithmenos
Elyvilon
Fedhas
Gozag
Hepliaklqana
Kikubaaqudgha
Makhleb
Nemelex Xobeh
Okawaru
Qazlal
Ru
Sif Muna
Trog
Uskayaw
Vehumet
Wu Jian
Xom
Yredelemnul
Zin
The Shining One

Shops:
D:4 }   D:7 [


Message History

You kill the warg!
Trog accepts your kill.
Your Shields skill increases to level 4!
You barely miss the troll. You barely miss the warg. The warg bites you!
* * * LOW HITPOINT WARNING * * *
You block the troll's attack. The troll claws you but does no damage.
You block the troll's attack. You block the warg's attack.
Quiver which item? (- for none, * to show all) (? for menu, Esc to quit)
Okay, then.
You are too berserk!
You are too berserk!
You hit the warg.
The warg is almost dead.
Your shield prevents you from hitting the troll.
You block the warg's attack.
You hit the warg.
You kill the warg!
Trog accepts your kill.
You slash the troll! You block the troll's attack. The troll claws you!
You die...

#.............
##≈≈≈≈≈≈≈≈≈≈≈≈.
≈≈≈≈≈≈≈≈≈≈≈≈≈≈≈.
≈≈≈≈≈≈≈≈≈≈≈≈≈≈≈≈.
.................
#..........(..
#..........##########
#.......@..#..>.....+
#......†.T.#........#
#.......####.....<..#
#.......#........##+#
#.......'........# .
#.......######÷###....
#.....................
#.####+#..............
# #..............


You could see a troll.

Vanquished Creatures
  The ghost of shugdite the Basher, a novice MiMo of Okawaru (D:7)
  Maurice (D:8)
  A troll (D:9)
  Grinder (D:4)
  Prince Ribbit (D:7)
  Sigmund (D:5)
  Menkaure (D:4)
  3 wargs (D:9)
  3 ice beasts
  A phantom (D:3)
  A necrophage (D:4)
  4 ogres
  3 centaurs (D:5)
  2 bullfrogs
  A scorpion (D:4)
  5 killer bees (D:7)
  2 howler monkeys
  4 crimson imps
  2 bullfrog zombies (D:5)
  5 jellies
  2 orc wizards
  A bullfrog skeleton (D:5)
  A hound (D:9)
  2 centaur skeletons
  3 orc priests
  A gnoll shaman (D:4)
  Terence (D:2)
  5 worker ants
  A worker ant zombie (D:5)
  4 gnolls (D:4)
  12 adders
  3 howler monkey skeletons
  9 oozes
  2 adder zombies (D:5)
  A worm (D:2)
  A dart slug (D:3)
  5 leopard geckos
  14 orcs
  5 giant cockroaches
  11 goblins
  13 hobgoblins
  7 jackals
  2 kobolds
  3 quokkas
  3 ball pythons
  7 bats
  9 frilled lizards
  3 leopard gecko skeletons
  A quokka zombie (D:6)
  4 rats
  4 plants (D:7)
183 creatures vanquished.

Notes
Turn   | Place    | Note
-------+----------+-------------------------------------------
     0 | D:1      | Iberia the Hill Orc Berserker began the quest for the Orb.
     0 | D:1      | Reached XP level 1. HP: 19/19 MP: 1/1
   114 | D:1      | Reached XP level 2. HP: 21/27 MP: 2/2
   809 | D:1      | Reached XP level 3. HP: 27/33 MP: 3/3
  1661 | D:2      | Reached XP level 4. HP: 38/41 MP: 4/4
  1852 | D:2      | Reached skill level 5 in Axes
  1855 | D:2      | Reached ** piety under Trog
  1925 | D:2      | Noticed Terence
  1948 | D:2      | Killed Terence
  2321 | D:3      | Reached skill level 5 in Fighting
  2321 | D:3      | Reached XP level 5. HP: 44/48 MP: 5/5
  2395 | D:3      | Noticed a phantom
  2459 | D:3      | Killed a phantom
  2459 | D:3      | Reached skill level 6 in Axes
  2459 | D:3      | Reached XP level 6. HP: 16/56 MP: 6/6
  3596 | D:4      | Noticed Menkaure
  3601 | D:4      | Killed Menkaure
  3601 | D:4      | Reached XP level 7. HP: 40/61 MP: 7/7
  3805 | D:4      | Found Qiet Ferph's Gadget Shop.
  3837 | D:4      | Noticed Grinder
  3854 | D:4      | Reached *** piety under Trog
  3854 | D:4      | Reached skill level 7 in Axes
  3856 | D:4      | Reached skill level 1 in Shields
  3857 | D:4      | Paralysed by Grinder for 6 turns
  3871 | D:4      | Paralysed by Grinder for 4 turns
  3889 | D:4      | Paralysed by Grinder for 3 turns
  3892 | D:4      | HP: 3/61 [Grinder (3)]
  3905 | D:4      | Paralysed by Grinder for 5 turns
  3918 | D:4      | Paralysed by Grinder for 7 turns
  3941 | D:4      | Killed Grinder
  3941 | D:4      | Reached skill level 5 in Armour
  4608 | D:4      | Found a radiant altar of Vehumet.
  4615 | D:4      | Reached skill level 8 in Axes
  4615 | D:4      | Reached XP level 8. HP: 67/70 MP: 8/8
  4750 | D:4      | Found a stormy altar of Qazlal.
  4880 | D:5      | Entered Level 5 of the Dungeon
  5054 | D:5      | Reached skill level 9 in Axes
  5765 | D:5      | Found a glowing silver altar of Zin.
  5868 | D:5      | Noticed Sigmund
  5873 | D:5      | Reached skill level 10 in Axes
  5883 | D:5      | Killed Sigmund
  5883 | D:5      | Reached XP level 9. HP: 51/78 MP: 9/9
  6110 | D:5      | Found a shimmering altar of Xom.
  6275 | D:5      | Reached **** piety under Trog
  6485 | D:6      | Found a bloodstained altar of Trog.
  6668 | D:6      | Reached skill level 11 in Axes
  6964 | D:6      | You fall through a shaft for 2 floors!
  7005 | D:8      | Reached skill level 1 in Stealth
  7242 | D:8      | Found a hazy altar of Hepliaklqana.
  7258 | D:8      | Found a glowing silver altar of Zin.
  7435 | D:8      | Reached skill level 12 in Axes
  7697 | D:8      | Noticed Maurice
  7712 | D:8      | Killed Maurice
  7976 | D:7      | Received a gift from Trog
  8065 | D:7      | Noticed Prince Ribbit
  8077 | D:7      | Killed Prince Ribbit
  8333 | D:7      | Found Sonkeumi's Antique Armour Shop.
  8372 | D:7      | Bought a shimmering scale mail for 261 gold pieces
  8499 | D:7      | Reached XP level 10. HP: 88/88 MP: 10/10
  8684 | D:7      | Found a runed translucent door.
  8684 | D:7      | Noticed shugdite's ghost (novice MiMo)
  8707 | D:7      | Killed shugdite's ghost
  8707 | D:7      | Reached skill level 13 in Axes
  8892 | D:7      | Got a smoking scale mail
  9025 | D:7      | Identified the cursed +1 scale mail of Creativity {+Blink
                  | rC+ Str-4} (You found it on level 7 of the Dungeon)
  9038 | D:7      | Identified the +2 scale mail of Ashenzari's Approval {rN+
                  | Str+3 Dex-3} (You bought it in a shop on level 7 of the
                  | Dungeon)
  9515 | D:6      | Found a staircase to the Ecumenical Temple.
  9743 | Temple   | Entered the Ecumenical Temple
 10169 | D:9      | HP: 6/133 [warg (10)]
 10171 | D:9      | Slain by a troll

Skill      XL: |  1  2  3  4  5  6  7  8  9 10 |
---------------+-------------------------------+-----
Fighting       | 4 5 6 7 8 |  8.3
Dodging        | 2 3 |  3.5
Axes           | 5 6 8 10 12 13 | 13.2
Armour         | 3 4 5 6 7 |  7.7
Shields        | 1 2 4 |  4.1
Stealth        | 1 |  1.6
Evocations     | |  0.8

Action                   |  1- 3 |  4- 6 |  7- 9 | 10-12 || total
-------------------------+-------+-------+-------+-------++-------
Melee: Hand axe          |   117 |    58 |       |       ||   175
       War axe           |       |    84 |   363 |   141 ||   588
Invok: Berserk           |       |     3 |     3 |     2 ||     8
Evoke: Wand              |       |       |     3 |       ||     3
  Use: Scroll            |       |     5 |     7 |     4 ||    16
       Potion            |       |       |     2 |       ||     2
  Eat: Chunk             |     2 |     8 |     5 |     1 ||    16
       Ration            |       |       |     5 |     1 ||     6
Armor: Animal skin       |     2 |       |       |       ||     2
       Scale mail        |    28 |    62 |   119 |    37 ||   246
       Leather armour    |     4 |       |       |       ||     4
       Ring mail         |     1 |       |       |       ||     1
       Skin              |       |       |    12 |       ||    12
Dodge: Dodged            |    74 |    72 |   182 |    30 ||   358
Block: Buckler           |     6 |    15 |    45 |       ||    66
       Large shield      |       |       |     4 |    88 ||    92
